 Dungeon Crawl Stone Soup version 0.30-a0-777-ga9a30cbeda (webtiles) character file.

Game seed: 13679819315745095032

305 BRD the Sneak (level 6, -5/38 HPs)
             Began as a Kobold Brigand on Feb 14, 2023.
             Slain by Grinder (7 damage)
             ... while paralysed by Grinder
             ... on level 3 of the Dungeon.
             The game lasted 00:05:22 (3076 turns).

BRD the Sneak (Kobold Brigand)                      Turns: 3076, Time: 00:05:23

Health: -5/38      AC:  5    Str:  8    XL:     6   Next: 66%
Magic:  6/6        EV:  3    Int: 12    God:
Gold:   125        SH:  0    Dex: 19    Spells: 5/5 levels left

rFire   . . .      SeeInvis .    y - +2 dagger (venom)
rCold   . . .      Faith    .    (no shield)
rNeg    . . .      Spirit   .    b - +0 robe
rPois   .          Reflect  .    n - +2 hat
rElec   .          Harm     .    c - +0 cloak
rCorr   .          Rampage  .    (no gloves)
Will    .....                    (no boots)
Stlth   +++++                    (no amulet)
HPRegen 0.26/turn                (no ring)
MPRegen 0.10/turn                (no ring)

@: paralysed
A: small, no large weapons, nightstalker 3
a: no special abilities


You were on level 3 of the Dungeon.
You visited 1 branch of the dungeon, and saw 3 of its levels.

You collected 125 gold pieces.

Inventory:

Hand Weapons
 a - a +2 dagger
 y - a +2 dagger of venom (weapon)
Missiles
 d - 9 poisoned darts (quivered)
 o - 5 boomerangs
Armour
 b - a +0 robe (worn)
 c - a +0 cloak (worn)
 g - a +0 ring mail of poison resistance
 n - a +2 hat (worn)
Scrolls
 f - 2 scrolls of vulnerability {unknown}
 h - a scroll of fear {unknown}
 i - 2 scrolls of identify {unknown}
 j - a scroll of summoning {unknown}
 k - 2 scrolls of poison {unknown}
 m - a scroll of noise {unknown}
 r - a scroll of enchant weapon {unknown}
 v - a scroll of immolation {unknown}
 w - a scroll of magic mapping {unknown}
Potions
 l - a potion of haste {unknown}
 p - 4 potions of mutation {unknown}
 q - 2 potions of cancellation {unknown}
 s - a potion of flight {unknown}
 t - a potion of ambrosia {unknown}
 u - 2 potions of lignification {unknown}
 x - a potion of heal wounds {unknown}
 z - a potion of curing {unknown}


   Skills:
 + Level 3.7 Fighting
 + Level 4.5 Short Blades
 + Level 3.6 Throwing
 + Level 3.4 Dodging
 + Level 6.6 Stealth


You had 5 spell levels left.
You didn't know any spells.
Your spell library contained the following spells:

 Spells                   Type           Power      Damage    Failure   Level
 Ozocubu's Armour         Ice            0%         N/A       69%         3
 Metabolic Englaciation   Hex/Ice        0%         N/A       100%        5
 Simulacrum               Ice/Necr       0%         N/A       100%        6


Dungeon Overview and Level Annotations

Branches:
Dungeon (3/15)

Altars:

Shops:
D:1 [   D:3 [

Annotations:
D:3 Grinder


Innate Abilities, Weirdness & Mutations

You are small and have problems with some larger weapons.
You are completely attuned to the shadows.


Message History

Grinder is heavily wounded.
You hit Grinder but do no damage.
Grinder looks even sicker.
Grinder is heavily wounded.
Grinder gestures at you.
You suddenly lose the ability to move!
Grinder hits you. x2
You writhe in agony.
Grinder hits you but does no damage. Grinder hits you.
* * * LOW HITPOINT WARNING * * *
You writhe in agony.
* * * LOW HITPOINT WARNING * * *
Grinder hits you but does no damage.
You can move again.
You hit Grinder but do no damage.
Grinder is severely wounded.
Grinder hits you.
* * * LOW HITPOINT WARNING * * *
You writhe in agony.
* * * LOW HITPOINT WARNING * * *
You hit Grinder.
Grinder is severely wounded.
Grinder hits you but does no damage.
Throw: 2 darts (curare)
Press: ? - help, Q - select action, (/) - cycle Shift-Dir - straight line, f - Grinder
Aim: Grinder (severely wounded, very poisoned, 60% to hit)
You throw a curare-tipped dart. The curare-tipped dart hits Grinder.
Grinder is severely wounded.
Throw: dart (curare)
Press: ? - help, Q - select action, (/) - cycle Shift-Dir - straight line, f/p - Grinder
Aim: Grinder (severely wounded, very poisoned, 60% to hit)
You throw a curare-tipped dart. The curare-tipped dart hits Grinder.
Grinder is severely wounded.
Grinder completely misses you.
You hit Grinder.
Grinder is severely wounded.
Grinder gestures at you.
You suddenly lose the ability to move!
Grinder hits you!
You die...

♣# #. .## ## .. #.
#.##
#.@################
##5................
######.###########
#.# #.# #.# #.# #.#
### #.# #..


You could see Grinder (poisoned).

Vanquished Creatures
  An ice beast (D:3)
  3 orc wizards (D:3)
  A gnoll (D:1)
  3 adders
  3 worms (D:2)
  11 orcs (D:3)
  6 endoplasms
  3 giant cockroaches
  8 goblins
  7 hobgoblins
  2 jackals (D:2)
  6 kobolds
  2 quokkas
  5 ball pythons
  12 bats
  3 frilled lizards
  6 rats
82 creatures vanquished.

Notes
Turn   | Place    | Note
-------+----------+-------------------------------------------
     0 | D:1      | BRD the Kobold Brigand began the quest for the Orb.
     0 | D:1      | Reached XP level 1. HP: 12/12 MP: 1/1
   115 | D:1      | Found Cemerph's Armour Shop.
   190 | D:1      | Reached XP level 2. HP: 18/18 MP: 2/2
   444 | D:1      | Reached XP level 3. HP: 17/22 MP: 3/3
  1320 | D:2      | Reached XP level 4. HP: 27/27 MP: 4/4
  2111 | D:2      | Reached skill level 6 in Stealth
  2352 | D:3      | Reached XP level 5. HP: 32/32 MP: 5/5
  2384 | D:3      | Found Pava's Antique Armour Emporium.
  2617 | D:3      | Reached XP level 6. HP: 10/37 MP: 6/6
  3004 | D:3      | Noticed an ice beast
  3008 | D:3      | Killed an ice beast
  3047 | D:3      | Noticed Grinder
  3057 | D:3      | Paralysed by Grinder for 4 turns
  3065 | D:3      | Paralysed by Grinder for 5 turns
  3071 | D:3      | HP: 1/38 [Grinder (3)]
  3075 | D:3      | Paralysed by Grinder for 2 turns
  3076 | D:3      | Slain by Grinder

Illustrated notes

Levels and vault maps discovered:
D:1:      dpeg_arrival_renting, layout_basic, serial_shops, shop, serial_curves,
          eino_curves_02, eino_curves_01, minmay_misc_feat_cross,
          grunt_decor_fettered, serial_bayou_lagoon_a, chequers_big_river
D:2:      layout_basic
D:3:      minmay_skewed_foursquare, layout_loops_ring, elyvilon_altar_3,
          serial_shops, shop_fountains, uniq_grinder

Skill      XL: |  1  2  3  4  5 |
---------------+----------------+-----
Short Blades   | 3 4 |  4.5
Dodging        | 2 3 |  3.4
Throwing       | 3 |  3.6
Fighting       | 3 |  3.7
Stealth        | 6 |  6.6

Action                     |  1- 3 |  4- 6 || total
---------------------------+-------+-------++-------
  Melee: Dagger            |    59 |   183 ||   242
         Punch             |     1 |     1 ||     2
  Throw: Dart              |       |    10 ||    10
         Boomerang         |       |     3 ||     3
   Stab: Sleeping          |    16 |    21 ||    37
 Armour: Robe              |     5 |    35 ||    40
  Dodge: Dodged            |    18 |    84 ||   102

Table legend: (Time is in decaauts)
 A = Elapsed time spent in this place.
 B = Non-inter-level travel time spent in this place.
 C = Inter-level travel time spent in this place.
 D = Time resting spent in this place.
 E = Time spent auto-exploring this place.
 F = Levels seen in this place.
 G = Mean time per level.
                   A        B        C        D        E       F      G
               +--------+--------+--------+--------+--------+-----+--------+
         Total |   3052 |   2925 |    127 |    103 |   2309 |   3 | 1017.3 |
       Dungeon |   3052 |   2925 |    127 |    103 |   2309 |   3 | 1017.3 |
               +--------+--------+--------+--------+--------+-----+--------+

Top non-repeatable levels by time:
     D:1: 1319 daAuts
     D:2: 908 daAuts
     D:3: 824 daAuts
